 Dungeon Crawl Stone Soup version 0.13-a0-2606-g170388b (webtiles) character file.

39353 Kae the Thaumaturge (level 13, 0/71 HPs)
             Began as a Deep Elf Ice Elementalist on Aug 4, 2013.
             Was a High Priest of Vehumet.
             Slain by horsemans' ghost (13 damage)
             ... on Level 6 of the Lair of Beasts.
             The game lasted 01:10:10 (27232 turns).

Kae the Thaumaturge (Deep Elf Ice Elementalist)    Turns: 27232, Time: 01:10:11

HP   0/71        AC  8     Str  8      XL: 13   Next: 64%
MP   0/52        EV 22     Int 25      God: Vehumet [*****.]
Gold 870         SH 12     Dex 17      Spells: 12 memorised,  0 levels left

Res.Fire  : . . .   See Invis. : .   m - staff of power
Res.Cold  : . . .   Warding    : +   r - +2 robe of Action {rElec}
Life Prot.: + . .   Conserve   : .   e - +0 buckler
Res.Poison: .       Res.Corr.  : .   (no helmet)
Res.Elec. : +       Clarity    : .   t - +0 cloak
Sust.Abil.: . .     Spirit.Shd : .   F - +2 pair of gloves
Res.Mut.  : .       Stasis     : .   (no boots)
Res.Rott. : .       Flight     : .   A - amulet of warding
Saprovore : . . .                    R - ring "Ixzuoh" {MR Dex+2 Int+2}
                                     M - ring of protection from magic

@: extremely resistant to hostile enchantments, stealthy
A: no striking features
a: Renounce Religion


You were on level 6 of the Lair of Beasts.
You worshipped Vehumet.
Vehumet was extremely pleased with you.
You were not hungry.

You visited 3 branches of the dungeon, and saw 18 of its levels.
You also visited: Ice Cave.

You collected 850 gold pieces.

Inventory:

Armour
 e - a +0 buckler (worn)
 r - the +2 robe of Action (worn) {rElec}
   (You found it on level 1 of the Lair of Beasts)

   It insulates you from electricity.
 t - a +0 cloak (worn)
 y - a +1 pair of gloves
 F - a +2 pair of gloves (worn)
Magical devices
 j - a wand of digging (10)
 u - a wand of paralysis (5)
 L - a wand of fireball (4)
Comestibles
 c - 7 bread rations
 x - 2 apples
Scrolls
 b - a scroll of enchant weapon III {unknown}
 g - 2 scrolls of identify
 i - a scroll of magic mapping
 k - 2 scrolls of remove curse
 v - 2 scrolls of fog
 z - 2 scrolls of amnesia
 D - 4 scrolls of fear
 O - 4 scrolls of teleportation
Jewellery
 w - an uncursed amulet of clarity
 A - an amulet of warding (around neck)
 K - an uncursed amulet of stasis
 M - a ring of protection from magic (left hand)
 R - the ring "Ixzuoh" (right hand) {MR Dex+2 Int+2}
   (You found it on level 2 of the Lair of Beasts)

   [ring of protection from magic]

   It affects your intelligence (+2).
   It affects your dexterity (+2).
Potions
 a - 2 potions of heal wounds
 f - a potion of restore abilities
 o - 2 potions of porridge
 B - 3 potions of curing
 C - a potion of magic
Magical staves
 m - an uncursed staff of power (weapon)


   Skills:
 + Level 6.2 Fighting
 * Level 12.9 Dodging
 - Level 2.4 Stealth
 - Level 5.0 Shields
 + Level 14.5 Spellcasting
 - Level 11.4 Conjurations
 - Level 12.1 Ice Magic


You couldn't memorise any spells.
You knew the following spells:

 Your Spells              Type           Power        Failure   Level  Hunger
a - Freeze                Ice            ####         1%          1    None
b - Throw Frost           Conj/Ice       ######       1%          2    None
c - Throw Icicle          Conj/Ice       ######..     1%          4    None
d - Ozocubu's Armour      Chrm/Ice       #####.....   1%          3    None
e - Summon Ice Beast      Ice/Summ       #####.....   2%          4    None
f - Ozocubu's Refrigerat  Ice            ######....   1%          6    ####...
g - Sting                 Conj/Pois      ####         1%          1    None
h - Mephitic Cloud        Conj/Pois/Air  #####...     1%          3    None
i - Flight                Chrm/Air       ###.......   12%         3    None
j - Venom Bolt            Conj/Pois      #####.....   3%          5    None
k - Stone Arrow           Conj/Erth      #####.       1%          3    None
l - Bolt of Cold          Conj/Ice       ######....   1%          6    ####...


Dungeon Overview and Level Annotations

Branches:
Dungeon (11/27)            Temple (1/1) D:6             Orc (0/4) D:11
   Lair (6/8) D:11
  Swamp: Lair:3-6    Shoals: Lair:3-6     Snake: Lair:3-6    Spider: Lair:3-6
  Slime: Lair:6-8

Altars:
Ashenzari
Cheibriados
Elyvilon
Fedhas
Kikubaaqudgha
Makhleb
Nemelex Xobeh
Okawaru
Sif Muna
Trog
Vehumet
Xom
Yredelemnul
Zin
the Shining One

Shops:
D:7: ( D:10: [

Annotations
D:9 exclusion: troll
Lair:6 horsemans' ghost, powerful MiFi


Message History

Horsemans' ghost is almost destroyed.
Horsemans' ghost misses you.
Casting: Freeze
Confirm with . or Enter, or press ? or * to list all spells.
Aiming: Freeze
Press: ? - help, Shift-Dir - straight line, f/p - horsemans' ghost
Aim: horsemans' ghost (almost destroyed)
You freeze horsemans' ghost.
Horsemans' ghost resists.
Horsemans' ghost is almost destroyed.
Horsemans' ghost hits you!
* * * LOW HITPOINT WARNING * * *
Casting: Freeze
Confirm with . or Enter, or press ? or * to list all spells.
Aiming: Freeze
Press: ? - help, Shift-Dir - straight line, f/p - horsemans' ghost
Aim: horsemans' ghost (almost destroyed)
You freeze horsemans' ghost.
Horsemans' ghost resists.
Horsemans' ghost is almost destroyed.
Horsemans' ghost hits you!
You die...

##.#................
#.#....>............
##...................
#........... ........
##P......... .......
##.......... ....
##.<.......). (..
#.#.......>... ..
##...@.......# .
#...p.......<.
##...........
#P..........P
##P........!.
#...........
###........ ........"
##......#


You could see horsemans' ghost.

Vanquished Creatures
  3 hydras
  7 death yaks
  The ghost of Yermak the Covert, an experienced SpWn (D:6)
  4 elephants (Lair:4)
  The ghost of Tolias the Slicer, an experienced KoAr (D:7)
  4 black mambas
  A feature mimic (D:10)
  2 komodo dragons
  10 spiny frogs
  A fire drake (D:11)
  25 blink frogs
  A troll (D:9)
  3 basilisks
  The ghost of Kae the Chiller, an average DEIE (D:4)
  41 yaks
  A hill giant zombie (D:9)
  An elephant slug (Lair:3)
  4 ugly things (D:11)
  A wyvern (Lair:3)
  A steam dragon (D:11)
  2 hungry ghosts
  4 wolves (Lair:2)
  A manticore (D:9)
  6 hippogriffs
  A soldier ant (D:9)
  A necrophage (D:11)
  8 sky beasts
  A phantom (D:8)
  4 orc warriors
  13 porcupines
  6 ice beasts
  7 centaurs
  6 ogres
  2 boring beetles (Lair:6)
  7 crocodiles
  2 wargs (D:10)
  8 water moccasins
  6 giant slugs
  14 giant frogs
  4 agate snails
  2 insubstantial wisps (D:11)
  A spectral elf (D:8)
  A vampire bat (Lair:2)
  3 wights (D:11)
  2 electric eels (Lair:1)
  3 killer bees (D:7)
  6 goliath beetles
  7 crimson imps
  11 hounds
  Crazy Yiuf (D:2)
  7 orc priests
  12 orc wizards
  2 quasits
  7 scorpions
  14 iguanas
  7 orange rats (Lair:4)
  8 worker ants
  An ogre zombie (D:5)
  A big kobold zombie (D:9)
  5 jellies
  2 mummies
  A worker ant zombie (D:9)
  3 gnolls (D:4)
  23 adders
  40 green rats
  6 giant centipedes
  An inept item mimic (D:2)
  4 worms
  An adder zombie (D:6)
  A scorpion zombie (D:9)
  14 giant geckos
  2 oozes
  61 orcs
  4 ball pythons
  27 bats
  2 bat zombies (D:1)
  10 goblins
  12 hobgoblins
  27 jackals
  14 kobolds
  19 quokkas
  4 giant cockroaches
  A giant gecko zombie (D:6)
  2 giant newts (D:1)
  A kobold zombie (D:7)
  22 rats
621 creatures vanquished.

Vanquished Creatures (others)
  An ice beast (Lair:6)
  2 fungi (Lair:4)
  A plant (Lair:5)
4 creatures vanquished.

Grand Total: 625 creatures vanquished

Notes
Turn   | Place    | Note
--------------------------------------------------------------
     0 | D:1      | Kae, the Deep Elf Ice Elementalist, began the quest for the Orb.
     0 | D:1      | Reached XP level 1. HP: 10/10 MP: 4/4
   312 | D:1      | Reached XP level 2. HP: 3/15 MP: 1/7
   600 | D:1      | Learned a level 2 spell: Throw Frost
   830 | D:1      | Found a shimmering altar of Xom.
   956 | D:1      | Reached XP level 3. HP: 13/19 MP: 6/9
  1285 | D:2      | Reached skill level 4 in Ice Magic
  1652 | D:2      | Noticed Crazy Yiuf
  1664 | D:2      | Killed Crazy Yiuf
  1664 | D:2      | Reached skill level 1 in Shields
  1664 | D:2      | Reached XP level 4. HP: 13/24 MP: 6/13
  2238 | D:3      | Reached XP level 5. HP: 28/28 MP: 13/16
  2481 | D:3      | Reached XP level 6. HP: 32/32 MP: 14/19
  3603 | D:4      | Reached skill level 5 in Ice Magic
  3878 | D:4      | Learned a level 4 spell: Throw Icicle
  3984 | D:4      | Noticed Kae's ghost (average DEIE)
  4049 | D:4      | Killed Kae's ghost
  4049 | D:4      | Reached skill level 5 in Spellcasting
  4049 | D:4      | Reached skill level 5 in Conjurations
  4049 | D:4      | Reached XP level 7. HP: 31/36 MP: 10/21
  4229 | D:5      | Entered Level 5 of the Dungeon
  4336 | D:5      | Paralysed by you for 7 turns
  4464 | D:5      | Reached skill level 6 in Conjurations
  4497 | D:5      | Reached XP level 8. HP: 17/41 MP: 10/24
  4500 | D:5      | HP: 1/41 [ice beast (13)]
  5204 | D:5      | Learned a level 3 spell: Ozocubu's Armour
  5209 | D:5      | Learned a level 4 spell: Summon Ice Beast
  5224 | D:5      | Found a burning altar of Makhleb.
  5224 | D:5      | Noticed an Executioner
  5227 | D:5      | Noticed a hellwing
  5227 | D:5      | Noticed a ynoxinul
  5715 | D:6      | Noticed Yermak's ghost (experienced SpWn)
  5727 | D:6      | Killed Yermak's ghost
  5727 | D:6      | Reached skill level 7 in Conjurations
  6178 | D:6      | Reached XP level 9. HP: 38/45 MP: 12/26
  6400 | D:6      | Found a shimmering altar of Xom.
  6411 | D:6      | Found an ancient bone altar of Kikubaaqudgha.
  6479 | D:6      | Reached skill level 8 in Conjurations
  6791 | D:6      | Found a deep blue altar of Sif Muna.
  6941 | D:6      | Found a staircase to the Ecumenical Temple.
  7130 | Temple   | Entered the Ecumenical Temple
  7161 | Temple   | Became a worshipper of Vehumet
  7702 | D:7      | Found Imaapp's Weapon Emporium.
  7992 | D:7      | Noticed Tolias' ghost (experienced KoAr)
  8026 | D:7      | Killed Tolias' ghost
  8026 | D:7      | Reached skill level 9 in Conjurations
  8643 | D:8      | Acquired Vehumet's first power
  8643 | D:8      | Offered knowledge of Magic Dart by Vehumet.
  8651 | D:8      | Learned a level 1 spell: Magic Dart
  8760 | D:8      | Reached skill level 5 in Shields
  9421 | D:8      | Found a shattered altar of Ashenzari.
  9630 | D:8      | Reached XP level 10. HP: 50/50 MP: 25/29
  9674 | D:8      | Found a basalt altar of Yredelemnul.
 10240 | D:9      | Offered knowledge of Sting by Vehumet.
 10251 | D:9      | Learned a level 1 spell: Sting
 10543 | D:9      | Reached skill level 10 in Conjurations
 10569 | D:9      | HP: 2/50 [yak (18)]
 10899 | D:9      | Found a bloodstained altar of Trog.
 11577 | D:10     | Entered Level 10 of the Dungeon
 11690 | D:10     | Found a staircase to the Lair.
 12061 | D:10     | Reached skill level 10 in Spellcasting
 12061 | D:10     | Reached skill level 10 in Ice Magic
 12196 | D:10     | Found Gruseta's Antique Armour Shoppe.
 12496 | D:10     | Offered knowledge of Mephitic Cloud by Vehumet.
 12583 | D:10     | Learned a level 3 spell: Mephitic Cloud
 12587 | D:10     | Learned a level 3 spell: Flight
 12797 | D:10     | the staircase to the Lair was a mimic.
 13080 | D:10     | Noticed a hill giant
 13201 | D:11     | Acquired Vehumet's second power
 13380 | D:11     | Found a staircase to the Orcish Mines.
 13538 | D:11     | Learned a level 5 spell: Venom Bolt
 13570 | D:11     | Reached XP level 11. HP: 54/54 MP: 16/31
 13618 | D:11     | Offered knowledge of Stone Arrow by Vehumet.
 13736 | D:11     | Learned a level 3 spell: Stone Arrow
 13880 | D:11     | Reached skill level 11 in Ice Magic
 14095 | D:11     | Found a staircase to the Lair.
 14328 | D:11     | HP: 1/54 [red ugly thing (10)]
 14738 | D:11     | Acquired Vehumet's third power
 15110 | D:11     | Offered knowledge of Airstrike by Vehumet.
 16001 | D:11     | Reached skill level 12 in Ice Magic
 16407 | Lair:1   | Entered Level 1 of the Lair of Beasts
 16603 | Lair:1   | Reached skill level 1 in Fighting
 17176 | Lair:1   | Reached skill level 5 in Dodging
 17479 | Lair:1   | Noticed a six-headed hydra
 17583 | Lair:1   | Got a faintly humming robe
 17606 | Lair:1   | Identified the +2 robe of Action {rElec} (You found it on level 1 of the Lair of Beasts)
 17827 | Lair:1   | Killed a six-headed hydra
 17827 | Lair:1   | Reached XP level 12. HP: 61/61 MP: 19/34
 18010 | Lair:1   | Offered knowledge of Ozocubu's Refrigeration by Vehumet.
 18041 | Lair:1   | Learned a level 6 spell: Ozocubu's Refrigeration
 19355 | Lair:2   | Got a glittering granite ring
 19640 | Lair:2   | Reached skill level 13 in Spellcasting
 20142 | Lair:2   | Identified the ring "Ixzuoh" {MR Dex+2 Int+2} (You found it on level 2 of the Lair of Beasts)
 20351 | Lair:3   | Found a frozen archway.
 20378 | IceCv    | Entered an ice cave
 21142 | Lair:2   | Reached skill level 10 in Dodging
 21757 | Lair:3   | Offered knowledge of Delayed Fireball by Vehumet.
 22411 | Lair:4   | Noticed a four-headed hydra
 22416 | Lair:4   | Killed a four-headed hydra
 22416 | Lair:4   | Reached XP level 13. HP: 68/68 MP: 23/36
 22602 | Lair:4   | Reached skill level 5 in Fighting
 23693 | Lair:4   | Reached skill level 14 in Spellcasting
 25271 | Lair:5   | Identified a scroll of acquirement
 25582 | Lair:5   | Offered knowledge of Conjure Ball Lightning by Vehumet.
 26951 | Lair:2   | Learned a level 6 spell: Bolt of Cold
 26993 | Lair:2   | Paralysed by a potion of paralysis for 6 turns
 27205 | Lair:6   | Noticed horsemans' ghost (powerful MiFi)
 27232 | Lair:6   | Slain by horsemans' ghost

Action                   |  1- 3 |  4- 6 |  7- 9 | 10-12 | 13-15 || total
-------------------------+-------+-------+-------+-------+-------++-------
Melee: Unarmed           |    31 |       |       |       |       ||    31
       Short sword       |    15 |     9 |    27 |       |       ||    51
       Flail             |       |       |     2 |   118 |     4 ||   124
       Staff             |       |       |       |       |     2 ||     2
 Cast: Freeze            |    59 |    98 |   137 |   674 |   299 ||  1267
       Throw Frost       |       |    30 |   110 |   410 |   136 ||   686
       Throw Icicle      |       |       |    23 |    78 |    28 ||   129
       Ozocubu's Armour  |       |       |     1 |       |       ||     1
       Stone Arrow       |       |       |       |    10 |     3 ||    13
       Venom Bolt        |       |       |       |     9 |     5 ||    14
       Mephitic Cloud    |       |       |       |     6 |       ||     6
       Sting             |       |       |       |     1 |       ||     1
       Bolt of Cold      |       |       |       |       |     1 ||     1
       Summon Ice Beast  |       |       |       |       |     1 ||     1
Evoke: Wand              |       |       |    11 |     6 |     4 ||    21
  Use: Potion            |     3 |     6 |     8 |     5 |     1 ||    23
       Scroll            |       |     5 |     8 |    18 |     4 ||    35
 Stab: Sleeping          |     2 |       |       |     3 |       ||     5
